Map: Ruby Rock LE

Players

Maru - Winner!

  • Race: Terran Terran

Reynor

  • Race: Zerg Zerg

VOD

Have the link to the VOD?

Description

Time

  • Played on: Jan. 17, 2026, 4:47 a.m.
  • Length: 32:35
Show
View Real Time Build Order
Export as new Build Order

Maru Terran - Winner!

Build Orders: Reaper Expand, Hellion Banshee 

Get SALT Encoding   

  12  0:00  SCV  
  13  0:12  SCV  
  14  0:16  Supply Depot  
  14  0:24  SCV  
  15  0:38  SCV  
  15  0:39  Barracks  
  15  0:42  Refinery  
  16  0:50  SCV  
  17  1:02  SCV  
  18  1:14  SCV  
  19  1:26  Reaper, Orbital Command  
  20  1:38  Command Center  
  20  1:49  Supply Depot  
  20  1:52  SCV  
  21  1:58  Marine  
  22  2:04  SCV  
  23  2:12  Factory  
  23  2:16  SCV  
  23  2:21  Barracks Reactor  
  24  2:29  SCV  
  25  2:38  Command Center  
  25  2:41  SCV  
  26  2:50  Orbital Command  
  26  2:53  SCV  
  27  3:00  Starport  
  27  3:05  SCV  
  28  3:06  Refinery  
  28  3:11  Hellion x2  
  32  3:15  SCV  
  32  3:17  SCV  
  34  3:20  Barracks Tech Lab  
  34  3:27  SCV  
  34  3:29  SCV  
  36  3:35  Hellion x2  
  36  3:39  SCV  
  41  3:41  SCV  
  41  3:47  Banshee  
  45  3:49  Marine  
  45  3:50  Orbital Command  
  45  3:52  SCV  
  47  3:55  Cloaking Field  
  47  3:57  SCV  
  47  4:01  Hellion, Supply Depot  
  47  4:02  Hellion  
  52  4:04  SCV  
  52  4:09  SCV  
  54  4:12  Marine  
  54  4:16  SCV x2  
  57  4:21  SCV  
  58  4:24  Supply Depot  
  58  4:25  Hellion x2  
  58  4:28  SCV  
  58  4:30  SCV, Banshee  
  67  4:32  Barracks Tech Lab  
  67  4:38  SCV  
  67  4:40  Supply Depot  
  67  4:43  Armory, Engineering Bay  
  68  4:46  SCV  
  68  4:47  Orbital Command, Refinery  
  68  4:48  Hellion  
  68  4:50  Hellion  
  68  4:51  SCV  
  74  4:55  Supply Depot  
  74  4:57  Engineering Bay  
  74  4:58  SCV  
  75  5:02  Marine  
  75  5:03  Stimpack, SCV  
  77  5:08  Supply Depot  
  77  5:10  SCV  
  78  5:15  SCV  
  78  5:16  Banshee  
  78  5:19  Hellion x2  
  78  5:20  SCV  
  87  5:22  SCV  
  87  5:26  Refinery  
  87  5:27  SCV  
  89  5:29  Supply Depot  
  89  5:32  SCV  
  90  5:36  Terran Infantry Weapons Level 1, Terran Infantry Armor Level 1  
  90  5:38  SCV  
  91  5:46  Marine  
  91  5:48  Hellion  
  94  5:52  SCV, Barracks  
  94  5:54  Barracks  
  94  5:55  SCV  
  91  5:58  SCV  
  91  6:04  SCV  
  81  6:07  SCV  
  81  6:10  Hellion x5  
  81  6:11  SCV, Hellion x2  
  81  6:15  Starport Reactor  
  81  6:16  SCV  
  82  6:19  SCV  
  82  6:23  SCV  
  82  6:27  Marine  
  82  6:28  SCV  
  82  6:31  SCV  
  82  6:32  Barracks  
  85  6:35  SCV, Barracks  
  85  6:39  Command Center  
  86  6:40  SCV  
  86  6:42  Barracks Reactor  
  86  6:43  SCV  
  88  6:47  SCV  
  88  6:50  Terran Vehicle Weapons Level 1  
  88  6:51  Combat Shield, Marine  
  88  6:52  SCV  
  88  6:53  Siege Tank  
  88  6:54  Marine x2  
  95  6:55  SCV  
  95  6:57  Supply Depot  
  95  6:58  Supply Depot x2  
  95  6:59  SCV, Refinery  
  95  7:00  Medivac x2  
  102  7:04  SCV  
  102  7:08  SCV  
  104  7:09  Marine  
  104  7:11  Marine  
  104  7:12  Marine  
  107  7:19  Marine x2, Factory  
  109  7:24  Barracks Reactor  
  109  7:25  Siege Tank  
  109  7:26  Barracks Reactor  
  109  7:27  Marine  
  109  7:29  Refinery, Marine  
  114  7:30  Marine, Medivac x2  
  114  7:33  Barracks  
  114  7:34  Barracks  
  114  7:35  Barracks  
  120  7:37  SCV x3  
  120  7:41  Marine x2  
  124  7:44  Terran Infantry Weapons Level 2  
  124  7:48  Marine x3  
  127  7:52  SCV  
  128  7:59  Marine  
  128  8:00  Marine  
  128  8:01  Marine x4  
  128  8:03  Siege Tank  
  128  8:05  SCV x2  
  124  8:06  Marine x2  
  124  8:07  SCV  
  124  8:10  Factory Reactor  
  124  8:12  Terran Infantry Armor Level 2  
  127  8:13  Marine  
  127  8:17  SCV x2, Marine  
  127  8:19  Planetary Fortress  
  128  8:22  Barracks Tech Lab x3  
  128  8:28  Marine x2  
  128  8:32  Marauder  
  128  8:34  Command Center  
  132  8:36  Marine  
  132  8:38  Sensor Tower, Drilling Claws  
  135  8:42  Siege Tank  
  135  8:44  Factory Tech Lab  
  135  8:48  SCV  
  137  8:49  SCV x2  
  137  8:53  Marauder  
  137  8:54  Supply Depot  
  141  8:56  Refinery x2  
  141  8:58  Marauder x3  
  141  8:59  Marine  
  148  9:02  Terran Vehicle Weapons Level 2  
  148  9:03  Supply Depot  
  148  9:04  Marine x3  
  148  9:08  Siege Tank  
  148  9:09  Marine  
  154  9:10  Marine  
  154  9:16  Marauder  
  158  9:19  Marauder  
  158  9:20  Marauder x2  
  161  9:26  Ghost Academy  
  161  9:27  Siege Tank  
  161  9:31  Supply Depot  
  164  9:35  Sensor Tower  
  164  9:38  Marauder, Marine  
  165  9:41  Marauder x3  
  172  9:47  Siege Tank  
  172  9:48  Command Center  
  175  9:55  Personal Cloaking, Supply Depot  
  175  9:58  Ghost  
  175  9:59  Siege Tank  
  180  10:01  Ghost  
  180  10:06  Ghost x2  
  180  10:07  Missile Turret x2  
  186  10:15  Planetary Fortress  
  186  10:16  Command Center  
  186  10:28  Liberator x2  
  192  10:32  Sensor Tower  
  192  10:35  Siege Tank  
  195  10:45  Command Center x2  
  195  10:49  Ghost, Missile Turret  
  197  10:55  Refinery  
  197  10:57  Ghost  
  197  10:59  Planetary Fortress  
  197  11:01  Terran Infantry Weapons Level 3  
  199  11:14  Terran Infantry Armor Level 3  
  199  11:18  Refinery  
  199  11:28  Missile Turret  
  199  11:29  Missile Turret  
  199  11:33  Terran Vehicle Weapons Level 3  
  199  11:35  Armory  
  199  11:38  Missile Turret  
  199  11:39  Missile Turret  
  199  11:40  Missile Turret  
  199  11:42  Missile Turret x2  
  199  11:43  Missile Turret  
  199  11:50  Orbital Command  
  199  11:56  Factory  
  199  11:57  Factory  
  199  11:59  Orbital Command  
  199  12:13  Command Center  
  199  12:15  Missile Turret  
  176  12:24  Siege Tank x2  
  164  12:35  Liberator x2  
  164  12:36  Ghost x4  
  164  12:37  Marine x8  
  183  12:44  Command Center  
  183  12:46  Terran Vehicle And Ship Armor Level 1, Sensor Tower  
  183  12:56  Siege Tank x2  
  189  13:04  Ghost  
  191  13:06  Factory Tech Lab, Factory Reactor  
  191  13:09  Infernal Pre-Igniter  
  186  13:18  Missile Turret  
  186  13:24  Sensor Tower  
  182  13:38  Neosteel Armor  
  182  13:40  Liberator x2  
  145  13:41  Siege Tank x3  
  145  13:45  Marauder, Planetary Fortress  
  147  13:48  Marine x2  
  147  13:49  Marine, Marauder  
  147  13:51  Hi-Sec Auto Tracking  
  152  14:05  Widow Mine x2  
  152  14:06  Marauder x2  
  160  14:13  Siege Tank, Hellbat x2  
  167  14:20  Marine x3  
  167  14:21  Marauder x2, Marine x2  
  176  14:27  Marauder  
  176  14:28  Marauder  
  180  14:34  Siege Tank  
  180  14:36  Liberator x2  
  180  14:37  Marine x3  
  180  14:38  Marine  
  172  14:42  Marauder x2  
  177  14:45  Siege Tank  
  177  14:46  Siege Tank, Hellbat  
  177  14:49  Marauder x2  
  189  15:07  Planetary Fortress  
  189  15:11  Sensor Tower, SCV x3  
  189  15:12  SCV x2  
  194  15:14  Terran Vehicle And Ship Armor Level 2  
  194  15:19  Medivac x2  
  182  15:22  Marine x2, Marauder  
  182  15:23  SCV  
  182  15:24  Marine, Marauder  
  182  15:25  Siege Tank  
  155  15:29  Marine  
  155  15:30  Marauder  
  151  15:41  Siege Tank  
  154  15:45  Missile Turret  
  154  15:47  Siege Tank  
  157  15:54  Marine, Marauder  
  160  15:59  Command Center  
  160  16:01  Concussive Shells  
  160  16:02  Marine x2, Marauder x2  
  166  16:12  Marauder, Marine x3  
  166  16:16  Marauder  
  176  16:18  Siege Tank x2  
  176  16:22  Medivac x2  
  176  16:23  Marauder  
  176  16:24  Marauder  
  159  16:33  Marauder  
  159  16:36  Marine  
  159  16:39  SCV  
  150  16:40  Siege Tank  
  150  16:43  Widow Mine x2  
  157  16:50  Siege Tank x2  
  163  16:58  Liberator x2, Missile Turret  
  169  17:02  Marine x2, Marauder  
  173  17:13  Widow Mine x2  
  177  17:18  Marine x2  
  177  17:19  Marauder x2  
  183  17:26  Marine x2, Marauder x2  
  183  17:29  Siege Tank  
  192  17:30  Widow Mine  
  175  17:41  Siege Tank  
  175  17:42  Hellbat  
  175  17:44  SCV x3  
  160  17:48  Planetary Fortress  
  160  17:51  Marine x2, Siege Tank  
  161  18:01  Widow Mine  
  161  18:02  Siege Tank  
  161  18:05  SCV x3  
  168  18:06  SCV x2  
  170  18:19  Command Center  
  170  18:35  Siege Tank x3  
  170  18:36  Hellbat x2  
  183  18:41  Ghost x2  
  183  18:42  Ghost  
  183  18:44  SCV x2  
  187  18:55  Marine x2, Marauder  
  174  18:57  Hellbat  
  172  19:09  Siege Tank x2  
  178  19:11  Marauder  
  180  19:20  Command Center  
  180  19:27  Siege Tank  
  183  19:31  Widow Mine x2  
  167  19:47  Siege Tank x2  
  167  19:51  Marine  
  167  19:52  Marauder  
  176  19:53  Hellbat  
  176  19:57  SCV  
  176  19:59  Planetary Fortress  
  179  20:13  Marine x2  
  179  20:14  Marauder  
  183  20:18  Liberator  
  186  20:22  Refinery  
  186  20:23  Refinery  
  186  20:24  Hellbat x3  
  192  20:38  SCV x5, Missile Turret  
  199  20:43  Hellbat  
  199  20:53  Planetary Fortress  
  199  21:04  Terran Vehicle And Ship Armor Level 3  
  199  21:12  Command Center  
  199  21:14  Sensor Tower  
  199  21:22  Refinery  
  199  21:23  Refinery  
  199  21:34  Command Center  
  199  21:37  Command Center  
  199  21:52  Siege Tank  
  199  21:53  Hellbat  
  194  22:38  Command Center  
  192  22:54  Thor x3  
  192  22:55  Hellbat x2  
  171  23:17  Hellbat x2  
  175  23:20  Viking x2  
  175  23:24  Orbital Command x2  
  179  23:37  Thor x2  
  179  23:38  Hellbat x2  
  197  23:48  Hellbat  
  197  23:59  Thor  
  191  24:11  Hellbat  
  181  24:20  Thor x2  
  168  24:25  Hellbat  
  164  24:34  Orbital Command  
  164  24:40  Ghost x2  
  164  24:41  Ghost, Thor  
  176  24:49  Orbital Command  
  176  24:59  Hellbat x2  
  172  25:10  Siege Tank  
  173  25:22  Orbital Command  
  173  25:24  Siege Tank  
  173  25:25  Siege Tank  
  179  25:34  Hellbat  
  177  25:47  SCV x3  
  120  26:05  Siege Tank, Hellbat  
  107  26:17  Siege Tank x2  
  113  26:28  Ghost, Hellbat x2  
  119  26:37  Hellbat  
  119  26:41  Missile Turret  
  119  26:49  Hellbat  
  86  27:02  Siege Tank x2  
  86  27:03  Hellbat x2  
  86  27:10  Hellbat  
  75  27:24  Siege Tank, Hellbat  
  80  27:32  Hellbat  
  80  27:35  Hellbat, Orbital Command  
  84  27:37  Hellbat  
  84  27:41  Viking x2  
  90  27:46  Hellbat  
  85  28:16  SCV x2, Hellbat x2  
  85  28:17  Hellbat  
  93  28:31  SCV x2  
  93  28:33  Medivac  
  93  28:34  Medivac  
  99  28:47  Hellbat  
  101  28:54  Hellbat x4  
  109  29:15  Siege Tank x2  
  115  29:24  Siege Tank, Marine x8, Hellbat  
  112  29:25  Marine x4  
  122  29:42  Marine x2, Orbital Command  
  122  29:44  Refinery x2  
  124  29:49  Viking x2  
  124  29:50  Marine x4  
  127  30:05  Marine x4  
  98  30:42  Hellbat  
  98  30:43  Hellbat  
  98  30:55  Ghost x2  
  102  30:59  Marine x2  
  102  31:00  Hellbat  
  106  31:08  Hellbat x2  
  110  31:12  Ghost  
  112  31:23  Hellbat x3  
  118  31:30  Hellbat  
  118  31:32  Hellbat  
  122  31:44  Hellbat x2  
  122  31:46  Ghost  
  128  31:53  Hellbat x2  
  130  31:56  Planetary Fortress  
  121  32:15  SCV  
  121  32:16  SCV x5  
Show
View Real Time Build Order
Export as new Build Order

Reynor Zerg 

Build Orders: Hatch First 

Get SALT Encoding   

  12  0:00  Drone  
  13  0:08  Drone  
  14  0:14  Extractor, Drone  
  15  0:21  Overlord  
  15  0:40  Drone  
  16  0:44  Hatchery  
  16  0:48  Drone  
  16  0:52  Drone  
  16  0:55  Drone  
  18  1:06  Extractor  
  18  1:10  Spawning Pool  
  16  1:13  Drone  
  16  1:17  Drone  
  18  1:26  Drone  
  19  1:37  Drone  
  20  1:47  Drone  
  21  1:57  Queen x2  
  21  1:58  Zergling x2  
  21  1:59  Zergling x2  
  27  2:11  Hatchery  
  26  2:17  Overlord  
  26  2:19  Drone  
  26  2:21  Drone  
  28  2:34  Queen  
  29  2:38  Drone x2  
  29  2:41  Metabolic Boost  
  31  2:46  Overlord  
  31  2:49  Drone  
  32  2:51  Drone  
  32  2:54  Zergling x2  
  32  2:56  Drone  
  35  3:00  Overlord  
  35  3:06  Drone x2  
  35  3:11  Queen  
  39  3:14  Drone  
  39  3:16  Drone  
  39  3:18  Drone  
  42  3:24  Queen  
  44  3:27  Drone  
  44  3:28  Drone  
  44  3:31  Drone  
  44  3:33  Drone  
  48  3:34  Drone  
  48  3:40  Queen  
  51  3:44  Overlord  
  51  3:45  Drone  
  51  3:46  Drone  
  51  3:47  Drone  
  54  3:49  Drone  
  54  3:54  Queen  
  57  3:57  Overlord  
  58  4:02  Drone  
  58  4:03  Drone x3  
  58  4:08  Zergling x4  
  58  4:09  Overlord  
  63  4:13  Drone x2  
  63  4:16  Overlord  
  65  4:20  Queen  
  65  4:23  Drone  
  65  4:24  Drone  
  69  4:25  Overlord  
  69  4:27  Drone  
  69  4:28  Drone  
  71  4:31  Drone x2  
  71  4:35  Lair  
  71  4:36  Drone  
  74  4:40  Zergling x6  
  74  4:44  Spore Crawler  
  74  4:45  Spore Crawler, Drone  
  76  4:46  Overlord  
  76  4:52  Drone  
  77  4:53  Spore Crawler  
  77  4:56  Drone x4  
  77  4:58  Extractor  
  77  4:59  Drone  
  80  5:01  Baneling Nest, Drone  
  80  5:05  Overlord  
  80  5:13  Zergling x2  
  80  5:14  Zergling x6  
  83  5:17  Drone  
  83  5:18  Hatchery  
  83  5:22  Drone x3  
  83  5:24  Queen  
  83  5:25  Drone x2  
  90  5:31  Drone x3  
  90  5:33  Extractor  
  90  5:34  Overlord  
  90  5:35  Evolution Chamber  
  91  5:36  Drone  
  91  5:37  Overseer  
  91  5:42  Zergling x6  
  95  5:43  Drone x3  
  95  5:46  Baneling x3  
  95  5:47  Queen  
  100  5:54  Drone x2  
  100  5:56  Drone  
  101  5:57  Drone  
  101  6:00  Overlord  
  101  6:03  Drone x2  
  95  6:04  Drone  
  95  6:05  Queen  
  95  6:09  Zerg Ground Armor Level 1  
  97  6:11  Extractor  
  95  6:23  Zergling x4  
  95  6:24  Zergling x10  
  100  6:28  Hatchery, Zergling x2  
  100  6:31  Zergling x4  
  102  6:34  Zergling x2  
  102  6:38  Hydralisk Den  
  102  6:39  Zergling x6  
  106  6:40  Zergling x2  
  106  6:41  Drone x2  
  106  6:43  Centrifugal Hooks, Drone x3  
  106  6:44  Evolution Chamber  
  111  6:47  Spore Crawler  
  111  6:48  Drone  
  111  6:51  Drone  
  111  6:54  Drone  
  113  6:56  Spore Crawler, Drone  
  113  6:58  Drone  
  113  6:59  Hatchery  
  113  7:01  Drone  
  113  7:02  Overlord x2  
  113  7:03  Drone  
  113  7:04  Drone  
  113  7:06  Baneling x2  
  113  7:07  Baneling, Drone x2  
  118  7:08  Drone  
  118  7:11  Extractor, Zerg Melee Weapons Level 1  
  118  7:13  Muscular Augments  
  118  7:14  Drone x5  
  121  7:18  Drone  
  121  7:19  Drone x4  
  126  7:23  Drone  
  126  7:25  Extractor  
  126  7:26  Spore Crawler, Zergling x4  
  126  7:27  Zergling x2  
  127  7:31  Zergling x2  
  127  7:32  Zergling x8  
  127  7:36  Burrow  
  132  7:37  Extractor  
  132  7:38  Hydralisk x3  
  132  7:39  Zergling x2  
  132  7:40  Zergling x2  
  139  7:46  Drone  
  139  7:47  Drone x2, Hydralisk x2  
  139  7:48  Zergling x2, Extractor  
  146  7:51  Overlord  
  144  7:59  Hydralisk x2  
  144  8:00  Zergling x4  
  144  8:02  Overlord  
  144  8:04  Hydralisk x3  
  150  8:08  Overlord x2  
  150  8:13  Drone x10  
  150  8:17  Grooved Spines  
  150  8:19  Zerg Ground Armor Level 2  
  160  8:21  Hydralisk  
  160  8:22  Hydralisk x2  
  160  8:23  Zergling x4  
  160  8:25  Overlord  
  160  8:27  Overlord  
  168  8:28  Zergling x2  
  168  8:32  Zergling x4  
  171  8:35  Drone  
  171  8:36  Zergling x10, Infestation Pit  
  171  8:39  Baneling x7  
  176  8:43  Baneling x5  
  176  8:46  Zergling x14  
  176  8:47  Zergling x2  
  184  8:50  Baneling x3  
  182  8:59  Zergling x14  
  189  9:11  Zerg Melee Weapons Level 2  
  189  9:12  Hive  
  189  9:13  Zergling x22, Hatchery  
  199  9:23  Baneling x3  
  199  9:24  Baneling x7  
  199  9:32  Lurker Den, Zergling x2  
  197  9:40  Zergling x2  
  197  9:41  Zergling x4  
  198  9:46  Extractor  
  198  9:48  Baneling x11  
  198  9:49  Zergling x6  
  198  10:10  Zergling x4  
  198  10:12  Baneling  
  198  10:13  Baneling x5  
  199  10:24  Adrenal Glands  
  199  10:37  Zerg Ground Armor Level 3  
  199  10:42  Seismic Spines  
  199  10:43  Pneumatized Carapace  
  199  10:45  Overseer  
  199  10:47  Nydus Network  
  199  10:49  Overseer x2  
  198  10:58  Zergling x4  
  198  11:03  Hatchery  
  199  11:06  Baneling x2  
  199  11:10  Zergling x2  
  200  11:23  Hatchery  
  198  11:34  Zerg Missile Weapons Level 1  
  198  11:37  Zergling x4  
  198  11:39  Baneling x8  
  200  11:40  Adaptive Talons  
  200  11:49  Unknown  
  200  11:52  Baneling  
  200  11:53  Baneling x6, Overlord x3  
  200  11:57  Overlord  
  200  12:00  Overlord  
  200  12:01  Overlord x2  
  200  12:14  Baneling x5  
  190  12:17  Viper x2  
  190  12:19  Zergling x36  
  190  12:22  Hydralisk, Zergling x2  
  177  12:23  Zergling x36  
  177  12:25  Zergling x24  
  191  12:30  Zergling x20  
  199  12:46  Baneling x23  
  199  12:56  Baneling x9  
  199  13:00  Baneling x8  
  199  13:12  Zergling x6  
  199  13:28  Zerg Melee Weapons Level 3  
  193  13:35  Hatchery  
  193  13:36  Zergling x36, Hatchery  
  193  13:40  Hydralisk x2  
  193  13:41  Zergling x30  
  192  13:42  Hydralisk  
  192  13:43  Zergling x6  
  192  13:47  Zergling x20  
  200  13:57  Overseer x2  
  200  13:58  Overseer  
  200  13:59  Baneling  
  200  14:00  Baneling x39  
  200  14:02  Baneling  
  200  14:03  Baneling x5  
  200  14:15  Baneling x6  
  200  14:16  Baneling  
  200  14:27  Baneling  
  200  14:28  Baneling x3  
  200  14:29  Hatchery  
  195  14:37  Zergling x52  
  191  14:42  Hydralisk x5  
  191  14:43  Zergling x8  
  172  15:25  Zergling x28  
  172  15:27  Hydralisk  
  172  15:28  Zergling x40  
  186  15:31  Hydralisk, Zergling x20  
  186  15:32  Zergling x6  
  186  15:33  Zergling x6  
  194  15:37  Hydralisk x4  
  194  15:38  Zergling x10  
  194  15:40  Overseer x2  
  194  15:41  Zergling x2  
  194  15:42  Zergling x2  
  199  15:52  Baneling x26  
  199  15:59  Lurker x4  
  199  16:02  Baneling  
  199  16:03  Baneling x13  
  196  16:13  Zergling x8  
  153  16:33  Zergling x32  
  153  16:34  Zergling x62  
  153  16:36  Hydralisk  
  187  16:40  Hydralisk  
  187  16:45  Hydralisk  
  187  16:46  Zergling x14  
  198  16:49  Zergling x2  
  198  16:52  Baneling x5  
  198  16:53  Baneling x6  
  199  16:57  Baneling x2  
  199  16:58  Baneling x18  
  147  17:37  Zergling x30  
  147  17:40  Hydralisk  
  147  17:41  Zergling x34  
  153  17:45  Hydralisk  
  153  17:46  Zergling x30  
  153  17:48  Hydralisk x2, Zergling x10  
  153  17:50  Hydralisk x3, Zergling x2  
  180  17:51  Hydralisk  
  180  17:53  Drone x10, Zergling x6  
  183  18:01  Zergling x16  
  191  18:08  Hatchery, Viper  
  191  18:12  Hydralisk x2  
  192  18:13  Zergling x8, Hatchery  
  192  18:15  Baneling x14  
  192  18:17  Baneling x4  
  192  18:18  Baneling x9  
  192  18:19  Zerg Missile Weapons Level 2  
  199  18:25  Baneling  
  199  18:26  Baneling x6  
  197  18:37  Zergling x4  
  191  18:52  Zergling x14  
  191  18:53  Zergling x30  
  168  18:56  Hydralisk, Zergling x2  
  168  18:57  Zergling x16  
  168  18:58  Infestor  
  168  18:59  Zergling x2  
  170  19:03  Hydralisk  
  170  19:04  Hydralisk, Zergling x6  
  170  19:08  Zergling x2  
  176  19:12  Drone  
  176  19:15  Spire  
  176  19:20  Baneling x9  
  175  19:25  Drone x4  
  175  19:27  Drone x2  
  181  19:31  Extractor  
  181  19:32  Extractor  
  181  19:35  Overlord  
  175  19:41  Zergling x28  
  175  19:42  Hydralisk  
  175  19:43  Zergling x18  
  168  19:52  Overseer x2  
  165  20:02  Drone  
  165  20:03  Drone x2  
  165  20:05  Extractor  
  167  20:25  Greater Spire, Infestor x5  
  167  20:26  Infestor x2, Hatchery  
  182  20:29  Overseer  
  182  20:56  Corruptor x6  
  194  21:12  Overlord x2  
  194  21:13  Overlord  
  194  21:17  Hatchery  
  191  21:31  Nydus Canal  
  191  21:41  Brood Lord x4  
  191  21:42  Extractor  
  191  21:44  Baneling x8, Extractor  
  191  21:46  Spore Crawler  
  196  21:47  Spore Crawler x2  
  196  21:49  Brood Lord x2, Hatchery  
  196  21:54  Nydus Canal  
  194  22:08  Zergling x24  
  192  22:11  Infestor  
  192  22:13  Overseer x3  
  200  22:20  Overlord x2  
  200  22:23  Overseer  
  200  22:24  Overseer  
  201  22:39  Baneling x6  
  201  22:40  Nydus Canal  
  200  22:46  Neural Parasite  
  194  22:56  Hydralisk  
  194  22:57  Zergling x36  
  187  22:59  Hatchery  
  187  23:04  Zergling x12  
  187  23:05  Zergling x12  
  197  23:19  Nydus Canal  
  197  23:27  Zergling x6  
  200  23:38  Baneling x9  
  200  23:46  Baneling x7  
  181  24:10  Zergling x2  
  181  24:11  Zergling x22  
  181  24:15  Zergling x20  
  181  24:16  Hydralisk, Zergling x8  
  181  24:17  Zergling x8  
  172  24:24  Hydralisk  
  172  24:25  Zergling x8, Nydus Canal  
  172  24:28  Zergling x4  
  176  24:38  Baneling x12, Hydralisk x5  
  167  24:39  Hydralisk x2  
  167  24:40  Hydralisk, Hatchery, Zergling x4  
  184  24:45  Hydralisk x2  
  184  24:46  Hydralisk, Zergling x6  
  184  24:48  Nydus Canal, Hydralisk  
  196  24:56  Hydralisk  
  196  24:57  Zergling x10  
  196  24:58  Hydralisk  
  191  25:01  Zergling x4  
  191  25:06  Baneling x12, Hydralisk x2  
  187  25:07  Zergling x12  
  187  25:08  Zergling x4  
  199  25:19  Infestor x8  
  199  25:21  Zergling x22  
  200  25:27  Hatchery  
  193  25:31  Zergling x6  
  193  25:32  Zergling x10  
  197  25:37  Zergling x8  
  198  25:49  Zergling x12  
  187  26:01  Zergling x32  
  163  26:07  Hydralisk  
  163  26:08  Zergling x6  
  163  26:09  Hatchery  
  160  26:17  Lurker x4  
  160  26:18  Lurker x5, Infestor x3  
  164  26:39  Viper  
  164  26:40  Hatchery  
  166  26:48  Viper  
  169  27:01  Zergling x16  
  143  27:07  Infestor  
  129  27:19  Hydralisk x3  
  124  27:26  Hydralisk x2  
  128  27:34  Hydralisk x2  
  132  27:41  Hydralisk  
  129  28:04  Hydralisk  
  122  28:24  Corruptor x5  
  123  28:34  Corruptor  
  125  28:56  Brood Lord x3  
  125  28:57  Brood Lord  
  125  29:02  Brood Lord  
  127  29:26  Infestor  
  127  29:30  Hatchery  
  122  29:33  Brood Lord  
  122  30:05  Corruptor x2  
  95  30:34  Zergling x14  
  90  30:46  Zergling x12  
  93  31:06  Zergling x4  
  93  31:07  Zergling x8  
  93  31:10  Zergling x2  
  100  31:26  Viper  
  105  31:33  Extractor  
  102  31:47  Hatchery  
  99  32:01  Zergling x8  
  101  32:13  Lurker  
  97  32:16  Zergling x4  
Tags
 
Add a new tag
Caveats
  • Supply blocks, unpowered buildings, or Contaminate may cause inaccurate times.
  • Supply counts are checked every 10 seconds.